 Dungeon Crawl Stone Soup version 0.28.0-43-g3370ac3207 (webtiles) character file.

Game seed: 8852840619171936375

260 funkygono the Firebug (level 6, 0/33 HPs)
             Began as a Gargoyle Fire Elementalist on Mar 4, 2022.
             Slain by a phantom (8 damage)
             ... on level 3 of the Dungeon.
             The game lasted 00:06:49 (4078 turns).

funkygono the Firebug (Gargoyle Fire Elementalist)  Turns: 4078, Time: 00:06:50

Health: 0/33       AC:  7    Str: 12    XL:     6   Next: 17%
Magic:  7/11       EV: 16    Int: 17    God:
Gold:   140        SH:  0    Dex: 10    Spells: 2/12 levels left

rFire   . . .      SeeInvis .   f - +2 whip (venom)
rCold   . . .      Faith    .   (no shield)
rNeg    + . .      Spirit   .   a - +0 robe
rPois   ∞          Reflect  .   m - +0 helmet
rElec   +          Harm     .   (no cloak)
rCorr   .          Rampage  .   (no gloves)
Will    .....                   (no boots)
Stlth   ++........              (no amulet)
HPRegen 0.11/turn               k - +4 ring of evasion
MPRegen 0.12/turn               (no ring)

@: no status effects
A: sickness immunity, AC +4, negative energy resistance 1, electricity
resistance, torment resistance 1, petrification resistance
a: no special abilities


You were on level 3 of the Dungeon.
You visited 1 branch of the dungeon, and saw 4 of its levels.

You collected 140 gold pieces.

Inventory:

Hand Weapons
 f - a +2 whip of venom (weapon)
 g - a +0 mace
Missiles
 d - 76 stones
Armour
 a - a +0 robe (worn)
 l - a +0 leather armour
 m - a +0 helmet (worn)
Jewellery
 h - a +6 ring of strength
 k - a +4 ring of evasion (left hand)
Scrolls
 b - a scroll of blinking
 c - a scroll of silence {unknown}
Potions
 e - a potion of attraction
 i - 2 potions of curing
 j - 2 potions of heal wounds
 o - a potion of mutation
 p - a potion of haste {unknown}


   Skills:
 + Level 0.9 Fighting
 + Level 1.6 Dodging
 - Level 2.1 Stealth
 * Level 3.6 Spellcasting
 * Level 3.4 Conjurations
 * Level 4.6 Fire Magic


You had 2 spell levels left.
You knew the following spells:

 Your Spells              Type           Power      Damage    Failure   Level
a - Foxfire               Conj/Fire      64%        2x1d7     3%          1
b - Scorch                Fire           36%        2d7       3%          2
c - Conjure Flame         Conj/Fire      16%        6-21      10%         3
d - Flame Wave            Conj/Fire      16%        2d6       30%         4

Your spell library contained the following spells:

 Spells                   Type           Power      Damage    Failure   Level
 Inner Flame              Hex/Fire       10%        N/A       19%         3
 Stone Arrow              Conj/Erth      16%        3d8       24%         3
 Animate Armour           Summ/Erth      6%         N/A       86%         4
 Olgreb's Toxic Radiance  Pois           3%         N/A       86%         4
 Ozocubu's Refrigeration  Ice            1%         4d5       100%        7
 Ignition                 Fire           9%         3d5       100%        8
 Lehudib's Crystal Spear  Conj/Erth      4%         10d3      100%        8


Dungeon Overview and Level Annotations

Branches:
Dungeon (4/15)
 Temple: D:4-7

Altars:
Hepliaklqana

Shops:
D:3 =

Annotations:
D:3 1 runed translucent door, Palewisp's ghost, amateur SpEn


Innate Abilities, Weirdness & Mutations

You are immune to sickness and miasma.
Your stone body is resilient. (AC +4)
You are immune to poison.
You resist negative energy. (rN+)
You are resistant to electric shocks. (rElec)
You are resistant to unholy torment.
You are immune to petrification.


Message History

Confirm with . or Enter, or press ? or * to list all spells.
You conjure some foxfire!
The scorpion closely misses you.
Your magical contamination has completely faded away.
The foxfire hits the scorpion.
The scorpion is moderately wounded.
The foxfire hits the scorpion but does no damage.
The scorpion is moderately wounded.
The scorpion stings you but does no damage.
Casting: Foxfire (safe; 3% risk of failure)
Confirm with . or Enter, or press ? or * to list all spells.
You conjure some foxfire!
The scorpion stings you! The scorpion stings you.
The foxfire hits the hobgoblin.
The hobgoblin is moderately wounded.
The foxfire hits the scorpion but does no damage.
The scorpion is moderately wounded.
The scorpion barely misses you. The scorpion stings you.
The scorpion completely misses you.
The scorpion falls through a shaft!
The shaft crumbles and collapses.
The scorpion closely misses you. The hound zombie barely misses you.
Found an escape hatch in the floor.
Found a stone staircase leading down.
The scorpion barely misses you. The scorpion closely misses you.
The scorpion stings you! The phantom completely misses you.
The scorpion closely misses you. The phantom closely misses you.
The phantom hits you.
There is an escape hatch in the ceiling here.
The scorpion stings you but does no damage.
The phantom hits you.
* * * LOW HITPOINT WARNING * * *
A mysterious force pulls you upwards. The hatch slams shut behind you.
Level annotation: 1 runed translucent door, Palewisp's ghost, amateur SpEn
Casting: Foxfire (safe; 3% risk of failure)
Confirm with . or Enter, or press ? or * to list all spells.
Flames lash the scorpion.
The scorpion is heavily wounded.
The scorpion's fire resistance burns away.
The scorpion misses you. The phantom hits you!
You die...

##.#.#.# #### ##.##.#
####.# #.# #.# #.#
#.# ######### #.#
########## #........
###.#####...W@s..#
#.#######
#......##.######.#
#.# #....
#....#.##.#### #.#
#[# #....
#............# #.#
#.# #.##.
####.....)..>##.# #.#
#.###.###
.......##..####.###.#
#........
####.#.##..# #.....#
#####.### #
#.#.##..####..####
#.### #
#.#+##......).#####
#....


You could see a phantom and a scorpion (combustible).

Vanquished Creatures
  A hound (D:4)
  An iguana (D:4)
  Jessica (D:2)
  An orc wizard (D:4)
  5 adders
  A gnoll (D:1)
  An ufetubus (D:3)
  3 worms
  2 dart slugs (D:2)
  3 orcs
  4 ball pythons
  3 bats
  5 endoplasms
  2 giant cockroaches
  10 hobgoblins
  6 jackals
  4 frilled lizards
  10 goblins
  7 kobolds
  7 rats
77 creatures vanquished.

Vanquished Creatures (collateral kills)
  A foxfire (D:1)
1 creature vanquished.

Vanquished Creatures (others)
  244 foxfires
  A fungus (D:1)
245 creatures vanquished.

Grand Total: 323 creatures vanquished

Notes
Turn   | Place    | Note
-------+----------+-------------------------------------------
     0 | D:1      | funkygono the Gargoyle Fire Elementalist began the quest
                  | for the Orb.
     0 | D:1      | Reached XP level 1. HP: 10/10 MP: 3/3
   105 | D:1      | Reached XP level 2. HP: 15/15 MP: 0/5
   234 | D:1      | Learned a level 2 spell: Scorch
   662 | D:1      | Reached XP level 3. HP: 19/19 MP: 0/6
  1283 | D:2      | Found a hazy altar of Hepliaklqana.
  1390 | D:2      | Noticed Jessica
  1394 | D:2      | Killed Jessica
  1395 | D:2      | Reached XP level 4. HP: 24/24 MP: 3/8
  1443 | D:2      | Learned a level 3 spell: Conjure Flame
  1791 | D:2      | Reached skill level 4 in Fire Magic
  1822 | D:2      | Found a faded altar of an unknown god.
  2100 | D:3      | Found Hiocenog's Jewellery Boutique.
  2179 | D:3      | Reached XP level 5. HP: 28/28 MP: 5/9
  2224 | D:3      | Learned a level 4 spell: Flame Wave
  3095 | D:3      | Found a runed translucent door.
  3096 | D:3      | Noticed Palewisp's ghost (amateur SpEn)
  3389 | D:4      | Noticed a phantom
  3876 | D:4      | Reached XP level 6. HP: 24/33 MP: 4/11
  4078 | D:3      | Slain by a phantom

Illustrated notes

Levels and vault maps discovered:
D:1:      wander_arrival_fairy_ring, layout_basic, minmay_tripent
D:2:      layout_loops_cross, basic_altar,
          hellmonk_ecumenical_altar_prayer_group, uniq_jessica
D:3:      layout_loops_corners, serial_shops, shop, gammafunk_ghost_grave
D:4:      layout_cave_pools, nicolae_ru_the_path_less_chosen, minmay_mini_jars

Skill      XL: |  1  2  3  4  5 |
---------------+----------------+-----
Conjurations   | 2 3 |  3.4
Spellcasting   | 3 |  3.6
Fire Magic     | 4 |  4.6
Fighting       | |  0.9
Dodging        | |  1.6
Stealth        | |  2.1

Action                   |  1- 3 |  4- 6 || total
-------------------------+-------+-------++-------
Melee: Unarmed           |     2 |       ||     2
       Punch             |     1 |       ||     1
       Club              |     6 |       ||     6
       Whip              |       |     8 ||     8
 Cast: Foxfire           |    47 |    96 ||   143
       Scorch            |     4 |    12 ||    16
  Use: Scroll            |       |     8 ||     8
Armor: Robe              |     8 |     9 ||    17
Dodge: Dodged            |    17 |    48 ||    65
